 Dungeon Crawl Stone Soup version 0.29-a0-11-ga75d3d97ab (webtiles) character file.

Game seed: 5196374532581994422

193 cayde69 the Magician (level 6, -6/41 HPs)
             Began as a Djinni Fire Elementalist on Jan 28, 2022.
             Mangled by a hornet zombie (13 damage)
             ... on level 4 of the Dungeon.
             The game lasted 00:24:21 (2834 turns).

cayde69 the Magician (Djinni Fire Elementalist)     Turns: 2834, Time: 00:24:22

Health: -6/41      AC:  2    Str:  7    XL:     6   Next: 3%
Gold:   163        EV: 12    Int: 19    God:
                   SH:  0    Dex: 13

rFire   + + +      SeeInvis .   x - +2 flail (vorpal)
rCold   x . .      Faith    .   (no shield)
rNeg    + . .      Spirit   .   a - +0 robe
rPois   ∞          Reflect  .   (no helmet)
rElec   .          Harm     .   (no cloak)
rCorr   .          Rampage  .   (no gloves)
Will    .....                   (boots unavailable)
Stlth   ++........              (no amulet)
HPRegen 0.13/turn               c - ring of positive energy
MPRegen 0.00/turn               j - ring of protection from fire

@: flying
A: sickness immunity, fire resistance 2, cold vulnerability 1, float, innate
caster, hp casting, extra vitality 1
a: no special abilities


You were on level 4 of the Dungeon.
You visited 1 branch of the dungeon, and saw 4 of its levels.

You collected 163 gold pieces.

Inventory:

Hand Weapons
 n - a +0 short sword
 q - a +0 club
 r - a +0 short sword
 x - a +2 vorpal flail (weapon)
Missiles
 g - 42 bolts
 h - 58 stones
 l - 16 arrows
 s - 4 large rocks
 t - 4 poisoned darts
 w - 4 boomerangs
Armour
 a - a +0 robe (worn)
 e - a +0 robe
 f - an orb of wrath
 m - a +0 scale mail
 o - a +0 leather armour
 p - an orb of guile
Jewellery
 c - a ring of positive energy (left hand)
 j - a ring of protection from fire (right hand)
Scrolls
 d - a scroll of teleportation {unknown}
 k - 2 scrolls of enchant weapon {unknown}
 u - a scroll of blinking {unknown}
 v - 4 scrolls of identify {unknown}
Potions
 b - a potion of ambrosia {unknown}
 i - a potion of cancellation {unknown}
 z - a potion of invisibility {unknown}
 A - a potion of curing {unknown}


   Skills:
 - Level 0.6 Fighting
 * Level 0.6 Maces & Flails
 - Level 2.2 Dodging
 - Level 2.2 Stealth
 + Level 4.4 Spellcasting


You couldn't memorise any spells.
You knew the following spells:

 Your Spells              Type           Power      Damage    Failure   Level
a - Foxfire               Conj/Fire      84%        2x1d8     2%          1
b - Scorch                Fire           42%        2d7       3%          2
c - Conjure Flame         Conj/Fire      21%        6-21      6%          3
d - Inner Flame           Hex/Fire       21%        N/A       6%          3
e - Flame Wave            Conj/Fire      21%        2d7       22%         4
f - Sandblast             Erth           42%        2d11      2%          1
g - Blink                 Tloc           42%        N/A       3%          2
Your spell library was empty.

Dungeon Overview and Level Annotations

Branches:
Dungeon (4/15)
 Temple: D:4-7

Altars:
Zin

Shops:
D:2 *?   D:3 *


Innate Abilities, Weirdness & Mutations

You are immune to sickness and miasma.
You are immune to poison.
Your flesh is very heat resistant. (rF++)
You are vulnerable to cold. (rC-)
You float through the air rather than walking.
You learn spells naturally, not from books.
Your magical power is your life essence.
You have superior vitality. (+4 MHP)


Message History

You kill the iguana!
The foxfire hits the kobold.
You kill the kobold!
You have reached level 6!
Casting: Foxfire (safe; 2% risk of failure)
Confirm with . or Enter, or press ? or * to list all spells.
You conjure some foxfire!
The foxfire hits the hornet zombie!
The hornet zombie is lightly damaged.
Casting: Foxfire (safe; 2% risk of failure)
Confirm with . or Enter, or press ? or * to list all spells.
You conjure some foxfire!
The foxfire hits the hornet zombie.
The hornet zombie is lightly damaged.
The foxfire hits the hornet zombie.
The hornet zombie is moderately damaged.
The foxfire hits the hornet zombie.
The hornet zombie is moderately damaged.
Your foxfire dissipates!
The foxfire hits the hornet zombie.
The hornet zombie is moderately damaged.
Casting: Foxfire (safe; 2% risk of failure)
Confirm with . or Enter, or press ? or * to list all spells.
You conjure some foxfire!
The hornet zombie hits you. The hornet zombie hits you!
* * * LOW HITPOINT WARNING * * *
Casting: Foxfire (safe; 2% risk of failure)
Confirm with . or Enter, or press ? or * to list all spells.
There is not enough space to conjure foxfire!
Casting: Foxfire (safe; 2% risk of failure)
Confirm with . or Enter, or press ? or * to list all spells.
There is not enough space to conjure foxfire!
Your foxfire dissipates!
The foxfire hits the hornet zombie.
The hornet zombie is moderately damaged.
The hornet zombie misses you.
Casting: Foxfire (safe; 2% risk of failure)
Confirm with . or Enter, or press ? or * to list all spells.
You conjure some foxfire!
* * * LOW HITPOINT WARNING * * *
The hornet zombie closely misses you. The hornet zombie hits you!
You die...

#.....#
##+## #.....
#.#####
#####. #.#
.# #. #.##
.## #.
#..#####
..## #.
#......# ...
#. #..###.#
.. #. ####
#v# .# ..
#@###.####.#
#vZ.........
#####.####.#
.# #) .. .#.
... # #.


You could see a hornet zombie (ally target).

Vanquished Creatures
  A centaur skeleton (D:4)
  An iguana (D:4)
  4 gnolls (D:3)
  3 adders
  2 worms
  3 dart slugs
  5 orcs
  2 ball pythons
  5 bats
  2 endoplasms
  3 giant cockroaches
  5 goblins
  3 hobgoblins
  4 jackals (D:1)
  2 quokkas
  3 frilled lizards
  3 kobolds
  8 rats
59 creatures vanquished.

Vanquished Creatures (collateral kills)
  3 foxfires (D:2)
3 creatures vanquished.

Vanquished Creatures (others)
  208 foxfires
  5 plants (D:4)
213 creatures vanquished.

Grand Total: 275 creatures vanquished

Notes
Turn   | Place    | Note
-------+----------+-------------------------------------------
     0 | D:1      | cayde69 the Djinni Fire Elementalist began the quest for
                  | the Orb.
     0 | D:1      | Reached XP level 1. HP: 15/15 MP: 0/0
   291 | D:1      | Reached XP level 2. HP: 17/21 MP: 0/0
   643 | D:1      | Reached skill level 3 in Spellcasting
   798 | D:1      | Reached XP level 3. HP: 19/25 MP: 0/0
   798 | D:1      | Learned a level 1 spell: Sandblast
  1109 | D:2      | Found Joost's Assorted Antiques.
  1311 | D:2      | Found Ymoh's Magic Scroll Shoppe.
  1402 | D:2      | Reached XP level 4. HP: 17/31 MP: 0/0
  1478 | D:2      | Found a glowing silver altar of Zin.
  2027 | D:3      | Found Olorghuw's Assorted Antiques.
  2050 | D:3      | Reached XP level 5. HP: 20/36 MP: 0/0
  2050 | D:3      | Learned a level 2 spell: Blink
  2316 | D:3      | Reached skill level 4 in Spellcasting
  2827 | D:4      | Reached XP level 6. HP: 24/41 MP: 0/0
  2834 | D:4      | Mangled by a hornet zombie

Illustrated notes

Levels and vault maps discovered:
D:1:      kilobyte_arrival_exit_the_forest, layout_loops_ring
D:2:      layout_loops_ring, serial_shops, nicolae_diamond_shop,
          nicolae_shop_overgrown_old_shop, basic_altar
D:3:      layout_loops_ring, serial_shops, nicolae_diamond_shop
D:4:      minmay_wonky_spiral, layout_loops_corners, makhleb_altar_promises_db,
          dk_noncrumbling_4, st_stairs_11, minmay_lizard_king

Skill      XL: |  1  2  3  4  5 |
---------------+----------------+-----
Spellcasting   | 3 4 |  4.4
Stealth        | 2 |  2.2
Fighting       | |  0.6
Maces & Flails | |  0.6
Dodging        | |  2.2

Action                   |  1- 3 |  4- 6 || total
-------------------------+-------+-------++-------
Melee: Unarmed           |     2 |       ||     2
 Cast: Foxfire           |    78 |    76 ||   154
 Stab: Sleeping          |     1 |       ||     1
Armor: Robe              |     6 |     4 ||    10
Dodge: Dodged            |    15 |    15 ||    30

Table legend: (Time is in decaauts)
 A = Elapsed time spent in this place.
 B = Non-inter-level travel time spent in this place.
 C = Inter-level travel time spent in this place.
 D = Time resting spent in this place.
 E = Time spent auto-exploring this place.
 F = Levels seen in this place.
 G = Mean time per level.
                   A        B        C        D        E       F      G
               +--------+--------+--------+--------+--------+-----+--------+
         Total |   2831 |   2024 |    807 |      0 |    281 |   4 |  707.8 |
       Dungeon |   2831 |   2024 |    807 |      0 |    281 |   4 |  707.8 |
               +--------+--------+--------+--------+--------+-----+--------+

Top non-repeatable levels by time:
     D:2: 1033 daAuts
     D:1: 848 daAuts
     D:3: 757 daAuts
     D:4: 191 daAuts
